 Dungeon Crawl Stone Soup version 0.30.0-5-g1a98f26d00 (webtiles) character file.

Game seed: 15601655951469759220

67587 zlionsfan the Executioner (level 15, 0/139 HPs)
             Began as a Hill Orc Fighter on May 12, 2023.
             Was the Champion of Beogh.
             Slain by an orc knight
             ... wielding a +0 great mace
              (22 damage)
             ... on level 1 of the Vaults.
             The game lasted 01:27:05 (22145 turns).

zlionsfan the Executioner (Hill Orc Fighter)       Turns: 22145, Time: 01:27:06

Health: 0/139      AC: 38    Str: 32    XL:     15   Next: 23%
Magic:  15/15      EV:  9    Int:  8    God:    Beogh [******]
Gold:   1317       SH:  0    Dex: 10    Spells: 14/14 levels left

rFire   + + +        a - +2 battleaxe (elec)
rCold   + . .        (shield currently unavailable)
rNeg    . . .        L - +10 plate armour "Zuychaah" {Str+4}
rPois   .            k - +2 helmet
rElec   .            E - +2 cloak of Zin's Supremacy {rF+++ rC+ Str-5 Dex-3}
rCorr   .            q - +2 pair of gloves {Dex+3}
SInv    +            G - +0 pair of boots
Will    +....        y - amulet of the acrobat Stlth
                     B - +6 ring of strength
HPRegen 0.43/turn    P - ring of see invisible
MPRegen 0.14/turn

%: acrobat
@: no status effects
A: walk on water
a: Renounce Religion, Smiting, Recall Orcish Followers, Give Item to Named
Follower, Resurrection


You were on level 1 of the Vaults.
You worshipped Beogh.
Beogh was exalted by your worship.
You visited 5 branches of the dungeon, and saw 22 of its levels.
You also visited: Sewer and Gauntlet.

You collected 1661 gold pieces.
You spent 344 gold pieces at shops.

Inventory:

Hand Weapons
 a - a +2 battleaxe of electrocution (weapon)
 b - a +0 triple crossbow
 c - the +8 long sword of Arrival {flame, rF- rC+ Dex+5}
   (You found it on level 6 of the Dungeon)

   Dex:       It affects your dexterity (+5).
   rF:        It makes you vulnerable to fire.
   rC:        It protects you from cold.
Missiles
 t - an atropa-tipped dart
 J - 2 throwing nets (quivered)
Armour
 k - a +2 helmet (worn)
 q - a +2 pair of gloves of dexterity (worn)
 E - the +2 cloak of Zin's Supremacy (worn) {rF+++ rC+ Str-5 Dex-3}
   (You found it on level 7 of the Dungeon)

   Str:       It affects your strength (-5).
   Dex:       It affects your dexterity (-3).
   rF:        It renders you almost immune to fire.
   rC:        It protects you from cold.
 G - a +0 pair of boots (worn)
 L - the +10 plate armour "Zuychaah" (worn) {Str+4}
   (You found it on level 4 of the Lair of Beasts)

   Str:       It affects your strength (+4).
 M - a +0 kite shield of reflection
Jewellery
 e - a ring of fire
 r - the ring "Giucya" {+Blink rF- rC+ Will+}
   (You took it off an efreet on level 13 of the Dungeon)

   [ring of protection from cold]

   rF:        It makes you vulnerable to fire.
   rC:        It protects you from cold.
   +Blink:    It lets you blink.
   Will:      It increases your willpower.
 s - a ring of positive energy
 y - an amulet of the acrobat (around neck)
 B - a +6 ring of strength (left hand)
 H - a ring of wizardry
 N - a +4 ring of protection
 O - a ring of resist corrosion
 P - a ring of see invisible (right hand)
 R - a ring of ice
 S - the ring of Niurchui {rF+ rCorr Str+3 Dex-5}
   (You found it on level 3 of the Lair of Beasts)

   [ring of protection from fire]

   Str:       It affects your strength (+3).
   Dex:       It affects your dexterity (-5).
   rF:        It protects you from fire.
   rCorr:     It protects you from acid and corrosion.
 U - a ring of willpower
Wands
 d - a wand of mindburst (7)
 z - a wand of charming (17)
 C - a wand of flame (20)
 D - a wand of iceblast (14)
 F - a wand of polymorph (11)
Scrolls
 f - 6 scrolls of fear
 g - 7 scrolls of blinking
 h - 3 scrolls of identify
 u - 4 scrolls of fog
 w - 9 scrolls of teleportation
 x - 5 scrolls of magic mapping
 T - a scroll of silence
Potions
 i - 2 potions of might
 j - a potion of invisibility
 l - 3 potions of magic
 m - 2 potions of berserk rage
 n - 6 potions of haste
 o - a potion of lignification
 p - 6 potions of curing
 v - 3 potions of cancellation
 A - 2 potions of brilliance
 K - 5 potions of flight
 Q - a potion of ambrosia
 V - 3 potions of resistance
Miscellaneous
 I - a lightning rod (4/4)


   Skills:
 * Level 14.9 Fighting
 * Level 21.1(22.1) Axes
 + Level 10.3(15.3) Maces & Flails
 + Level 1.3 Throwing
 * Level 13.6 Armour
 + Level 3.4 Dodging
 + Level 3.2 Stealth
 + Level 6.1 Shields
 + Level 0.9 Invocations
 + Level 0.4 Evocations


You had 14 spell levels left.
You didn't know any spells.
Your spell library contained the following spells:

 Spells                   Type           Power      Damage    Failure   Level
 Kiss of Death            Conj/Necr      0%         2d5       93%         1
 Magic Dart               Conj           0%         1d3       93%         1
 Sandblast                Erth           0%         2d4       93%         1
 Call Imp                 Summ           0%         N/A       98%         2
 Lesser Beckoning         Tloc           0%         N/A       98%         2
 Passwall                 Tmut/Erth      0%         N/A       98%         2
 Static Discharge         Conj/Air       0%         2-2/arc   98%         2
 Confusing Touch          Hex            0%         N/A       100%        3
 Gell's Gravitas          Tloc           0%         N/A       100%        3
 Mephitic Cloud           Conj/Pois/Air  0%         N/A       100%        3
 Stone Arrow              Conj/Erth      0%         3d7       100%        3
 Teleport Other           Tloc           0%         N/A       100%        3
 Airstrike                Air            0%         2d(0-16)  100%        4
 Animate Dead             Necr           0%         N/A       100%        4
 Dispel Undead            Necr           0%         3d6       100%        4
 Passage of Golubria      Tloc           0%         N/A       100%        4
 Summon Lightning Spire   Summ/Air       0%         N/A       100%        4
 Iskenderun's Battlesphe  Conj           0%         2d6       100%        5
 Silence                  Hex/Air        0%         N/A       100%        5
 Summon Forest            Summ/Tloc      0%         N/A       100%        5
 Eringya's Noxious Bog    Tmut/Pois      0%         N/A       100%        6
 Iron Shot                Conj/Erth      0%         9d1       100%        6
 Haunt                    Necr/Summ      0%         N/A       100%        7
 Spellforged Servitor     Conj/Summ      0%         N/A       100%        7
 Summon Hydra             Summ           0%         N/A       100%        7
 Infestation              Necr           0%         N/A       100%        8
 Lehudib's Crystal Spear  Conj/Erth      0%         10d2      100%        8


Dungeon Overview and Level Annotations

Branches:
Dungeon (13/15)            Temple (1/1) D:4            Lair (5/5) D:11
  Swamp (0/4) Lair:3        Snake (0/4) Lair:3          Orc (2/2) D:10
    Elf (0/3) Orc:2        Vaults (1/5) D:13          Sewer (visited)
Gauntlet (visited)
  Slime: Lair:4-5

Altars:
Ashenzari
Cheibriados
Dithmenos
Elyvilon
Gozag
Hepliaklqana
Kikubaaqudgha
Makhleb
Nemelex Xobeh
Okawaru
Qazlal
Ru
Sif Muna
Trog
Uskayaw
Vehumet
Wu Jian
Yredelemnul
Zin
The Shining One

Shops:
D:4 !   D:10 [   D:12 (   Orc:2 [*:(

Annotations:
D:2 1 runed translucent door, Crazy Yiuf
D:7 2 transporters, GreenGuy14's ghost, novice HuFi
D:9 2 runed translucent doors
D:12 1 runed translucent door
Orc:2 1 runed translucent door, qeuew's ghost, journeyman MiFi


Message History

Your orc knight unwields a +0 long sword.
Your orc knight wields a +0 arbalest.
Your orc knight shoots a bolt.
The orc warlord blocks the bolt.
The orc warlord hits you with a +2 war axe of venom!!
* * * LOW HITPOINT WARNING * * *
The orc warlord hits Horkud with a +2 war axe of venom!!
Horkud looks as sick as possible!
The orc warlord completely misses Boderik.
Horkud unwields a +0 arbalest.
Horkud wields a +3 whip of venom.
It begins to drip with poison!
The orc warlord blocks Horkud's attack.
The orc warlord blocks Boderik's attack.
You feel better.
The orc warlord hits you but does no damage.
The orc warlord hits Boderik with a +2 war axe of venom.
Boderik is poisoned.
The orc warlord hits your orc knight with a +2 war axe of venom!!
The orc warlord hits Horkud with a +2 war axe of venom!!
Horkud looks as sick as possible!
Your orc knight shoots a bolt.
The bolt hits the orc knight!
Boderik hits the orc warlord with a +1 club!!
You slice the orc warlord!!
The orc warlord is heavily wounded.
You hit the orc knight but do no damage.
Horkud hits the orc warlord but does no damage.
The orc warlord is poisoned.
The orc warlord blocks your orc knight's attack.
The orc knight hits you with a +0 great mace!!
* * * LOW HITPOINT WARNING * * *
The orc warlord hits you with a +2 war axe of venom.
* * * LOW HITPOINT WARNING * * *
The orc warlord hits Horkud with a +2 war axe of venom!!
Horkud dies!
The orc warlord misses Boderik.
The orc warlord hits your orc knight with a +2 war axe of venom!
Your orc knight dies!
Your orc knight shoots a bolt.
The bolt hits the orc knight!
You feel much better.
Boderik hits the orc warlord with a +1 club.
The orc knight hits you with a +0 great mace!!
You die...

#.....#
#..##.#
#..##.#
#.....#
#.....#
#.....# .
#.)o..+ ..
#####oo####...
#...o@).).'..
#......)..###
#....))[).#
#..))..[).#
#...)...).#
#.........#
#.........#
#.........#
#.........#


You could see an orc warlord (strong, very poisoned, ally target), an orc knight
(strong), a friendly orc knight (strong) and the friendly Boderik the orc knight
(strong, very poisoned).

Vanquished Creatures
  Donald (Orc:2)
  An orc warlord (Orc:2)
  A very ugly thing (D:11)
  Josephine (D:11)
  Fannar (Lair:1)
  8 vault guards (D:13)
  4 two-headed ogres
  A centaur warrior (D:13)
  A boulder beetle (D:11)
  An orc high priest (Orc:2)
  4 death yaks (Lair:2)
  Nergalle (Lair:1)
  4 deep trolls (Vaults:1)
  Lodul (D:13)
  3 wizards
  Pikel (D:4)
  An ironbound convoker (Vaults:1)
  A lindwurm (Lair:4)
  3 orc knights
  A phantasmal warrior (D:13)
  9 ugly things
  2 orc sorcerers
  A manticore (D:12)
  A cyclops (D:11)
  2 elephants (Lair:5)
  4 black mambas
  Joseph (D:7)
  A gargoyle (D:12)
  8 cane toads
  3 rime drakes
  6 komodo dragons
  5 trolls
  A polar bear (Lair:4)
  3 meliai (D:13)
  Grinder (D:5)
  2 blink frogs (Lair:3)
  7 slime creatures
  5 wraiths
  A vampire (D:10)
  7 wyverns
  4 basilisks
  51 yaks
  2 steam dragons
  Eustachio (D:5)
  2 redbacks (Vaults:1)
  2 vampire mosquitoes (D:12)
  Edmund (D:6)
  2 wargs (Orc:2)
  15 water moccasins
  3 nagas (Lair:3)
  2 acid dragons
  Duvessa (D:7)
  9 orc warriors
  A swamp drake (Lair:3)
  Pargi (Sewer)
  3 ice beasts
  3 black bears
  3 sky beasts
  7 ogres
  4 boggarts
  9 wolves
  7 centaurs
  A lemure (D:4)
  A phantom (D:6)
  3 kobold brigands
  Blork the orc (D:6)
  16 bullfrogs
  4 scorpions
  15 wights
  Dowan (D:7)
  10 killer bees
  2 electric eels
  6 howler monkeys
  5 orc priests
  2 gnoll boudas
  5 hounds
  2 jellies
  A sleepcap (D:4)
  Jessica (D:2)
  Ijyb (D:5)
  Terence (D:2)
  5 iguanas
  9 orc wizards
  12 gnolls
  6 adders
  A shadow imp (D:6)
  A white imp (D:8)
  2 worms (D:2)
  4 dart slugs
  20 orcs
  14 ball pythons
  4 endoplasms
  5 giant cockroaches
  12 hobgoblins
  8 jackals
  3 quokkas
  4 bats
  3 frilled lizards
  10 goblins
  14 kobolds
  18 rats
476 creatures vanquished.

Vanquished Creatures (collateral kills)
  Rupert (D:13)
  2 ironbound preservers (Vaults:1)
  An entropy weaver (Vaults:1)
  2 hydras (Lair:5)
  A death knight (D:13)
  A two-headed ogre (D:8)
  5 deep trolls (Vaults:1)
  An orc knight (Orc:2)
  3 ugly things
  An orc sorcerer (Orc:2)
  A cyclops (D:13)
  2 elephants (Lair:5)
  2 black mambas
  2 gargoyles
  A cane toad (Lair:4)
  A komodo dragon (shapeshifter) (D:13)
  An efreet (D:13)
  A komodo dragon (Lair:4)
  3 trolls
  A polar bear (Lair:3)
  2 blink frogs (Lair:3)
  3 slime creatures
  A wraith (D:13)
  9 yaks
  2 vampire mosquitoes (D:13)
  A basilisk (Lair:4)
  An acid dragon (D:11)
  A water moccasin (Lair:3)
  5 orc warriors (Orc:2)
  2 ogres
  3 wolves
  5 centaurs
  4 boggarts
  A bullfrog (Lair:4)
  2 killer bees (D:11)
  An electric eel (Lair:5)
  4 howler monkeys
  4 orc priests
  An orc wizard (Orc:1)
  11 orcs
  A kobold (D:11)
97 creatures vanquished.

Vanquished Creatures (others)
  An orc high priest (Vaults:1)
  6 orc knights
  An orc sorcerer (D:11)
  8 orc warriors
  9 orc priests
  11 orc wizards
  31 orcs
67 creatures vanquished.

Grand Total: 640 creatures vanquished

Notes
Turn   | Place    | Note
-------+----------+-------------------------------------------
     0 | D:1      | zlionsfan the Hill Orc Fighter began the quest for the Orb.
     0 | D:1      | Reached XP level 1. HP: 19/19 MP: 1/1
   209 | D:1      | Reached skill level 3 in Axes
   229 | D:1      | Reached XP level 2. HP: 27/27 MP: 2/2
   628 | D:1      | Reached XP level 3. HP: 28/33 MP: 3/3
  1297 | D:2      | Noticed Terence
  1321 | D:2      | Killed Terence
  1322 | D:2      | Reached skill level 4 in Axes
  1322 | D:2      | Reached XP level 4. HP: 11/40 MP: 4/4
  1471 | D:2      | Found a stormy altar of Qazlal.
  1657 | D:2      | Noticed Jessica
  1673 | D:2      | Killed Jessica
  1674 | D:2      | Reached XP level 5. HP: 47/47 MP: 5/5
  2038 | D:2      | Reached skill level 1 in Maces & Flails
  2112 | D:2      | Found a runed translucent door.
  2113 | D:2      | Noticed Crazy Yiuf
  2279 | D:3      | Found a faded altar of an unknown god.
  2669 | D:3      | Noticed a phantom
  2930 | D:4      | Found a staircase to the Ecumenical Temple.
  2936 | Temple   | Entered the Ecumenical Temple
  3065 | D:4      | Noticed a black bear
  3195 | D:4      | Became a worshipper of Beogh the Brigand
  3277 | D:4      | Reached XP level 6. HP: 48/53 MP: 6/6
  3449 | D:4      | Noticed Pikel
  3502 | D:4      | Killed Pikel
  3503 | D:4      | Reached skill level 5 in Fighting
  3503 | D:4      | Reached skill level 5 in Armour
  3503 | D:4      | Reached XP level 7. HP: 44/61 MP: 7/7
  3680 | D:4      | Reached skill level 5 in Maces & Flails
  3814 | D:4      | Found Pedae's Distillery.
  3822 | D:4      | Bought a potion of curing for 42 gold pieces
  3822 | D:4      | Bought a potion of heal wounds for 70 gold pieces
  4020 | D:4      | Reached XP level 8. HP: 69/69 MP: 8/8
  4087 | D:5      | Entered Level 5 of the Dungeon
  4087 | D:5      | Noticed Eustachio
  4251 | D:5      | Reached * piety under Beogh
  4252 | D:5      | Reached skill level 1 in Dodging
  4334 | D:5      | Noticed a +0 falchion
  4334 | D:5      | Noticed a +0 short sword
  4336 | D:5      | Noticed a +0 short sword
  4343 | D:5      | Noticed a +0 falchion
  4343 | D:5      | Noticed a +0 dagger
  4344 | D:5      | Noticed a +0 spear
  4344 | D:5      | Noticed a +0 dagger
  4344 | D:5      | Noticed a +0 spear
  4344 | D:5      | Killed Eustachio
  4386 | D:5      | Noticed Ijyb
  4419 | D:5      | Killed Ijyb
  4420 | D:5      | Reached skill level 1 in Throwing
  4436 | D:5      | Found a hide-covered altar of Uskayaw.
  4709 | D:5      | Reached skill level 5 in Shields
  5129 | D:5      | Noticed Grinder
  5150 | D:5      | Killed Grinder
  5268 | D:6      | Reached XP level 9. HP: 78/78 MP: 9/9
  5317 | D:6      | Noticed Edmund
  5339 | D:6      | Killed Edmund
  5480 | D:6      | Noticed Blork the orc
  5505 | D:6      | Killed Blork the orc
  5653 | D:6      | Identified the +8 long sword of Arrival {flame, rF- rC+
                  | Dex+5}
  5919 | D:6      | Found a glowing drain.
  5925 | Sewer    | Entered a sewer
  5986 | Sewer    | Noticed Pargi
  5999 | Sewer    | Killed Pargi
  6398 | D:7      | Noticed an orc sorcerer
  6407 | D:7      | Killed an orc sorcerer
  6408 | D:7      | Reached XP level 10. HP: 86/86 MP: 10/10
  6418 | D:7      | Identified the +2 cloak of Zin's Supremacy {rF+++ rC+ Str-5
                  | Dex-3}
  6532 | D:7      | Reached ** piety under Beogh
  6627 | D:7      | Noticed Joseph
  6655 | D:7      | Killed Joseph
  6896 | D:7      | Noticed Duvessa
  6909 | D:7      | Noticed Dowan
  6911 | D:7      | Killed Duvessa
  6920 | D:7      | Killed Dowan
  6996 | D:7      | Found a transporter.
  7005 | D:7      | Noticed GreenGuy14's ghost (novice HuFi)
  7008 | D:7      | Found a transporter.
  7057 | D:7      | Reached skill level 10 in Maces & Flails
  7528 | D:8      | Reached skill level 5 in Axes
  7657 | D:8      | Noticed a two-headed ogre
  7765 | D:8      | Noticed a gargoyle
  7984 | D:9      | Noticed a two-headed ogre
  7999 | D:9      | Killed a two-headed ogre
  8000 | D:9      | Reached skill level 6 in Axes
  8002 | D:9      | Reached skill level 7 in Axes
  8177 | D:9      | Found a white marble altar of Elyvilon.
  8208 | D:9      | Found a broken altar of Ashenzari.
  8287 | D:9      | Noticed a two-headed ogre
  8297 | D:9      | Killed a two-headed ogre
  8298 | D:9      | Reached skill level 8 in Axes
  8298 | D:9      | Reached XP level 11. HP: 80/95 MP: 11/11
  8667 | D:9      | Reached *** piety under Beogh
  8746 | D:9      | Found a large runed translucent door.
  8747 | D:9      | Found a large runed translucent door.
  9038 | D:10     | Entered Level 10 of the Dungeon
  9056 | D:10     | Found an ancient bone altar of Kikubaaqudgha.
  9157 | D:10     | Reached skill level 9 in Axes
  9157 | D:10     | Reached skill level 10 in Armour
  9373 | D:10     | Found Xuxogoot's Antique Armour Shoppe.
  9704 | D:10     | Noticed a two-headed ogre
  9710 | D:10     | Killed a two-headed ogre
  9711 | D:10     | Reached skill level 10 in Axes
 10086 | D:10     | Noticed an orc knight
 10089 | D:10     | Found a staircase to the Orcish Mines.
 10243 | D:8      | Reached **** piety under Beogh
 10560 | D:8      | Killed a two-headed ogre
 10561 | D:8      | Reached skill level 1 in Stealth
 10660 | D:8      | Reached skill level 11 in Axes
 10665 | D:8      | Gained Morbeogh as an ally
 11043 | D:11     | Noticed a cyclops
 11053 | D:11     | Killed a cyclops
 11335 | D:11     | Noticed a boulder beetle
 11343 | D:11     | Killed a boulder beetle
 11394 | D:11     | Noticed a red ugly thing
 11395 | D:11     | Noticed a white ugly thing
 11395 | D:11     | Noticed a red ugly thing
 11396 | D:11     | Noticed a green ugly thing
 11396 | D:11     | Noticed a brown ugly thing
 11400 | D:11     | Killed a cyan ugly thing
 11401 | D:11     | Reached skill level 12 in Axes
 11403 | D:11     | Noticed a green ugly thing
 11407 | D:11     | Killed a red ugly thing
 11408 | D:11     | Reached XP level 12. HP: 99/106 MP: 12/12
 11412 | D:11     | Reached skill level 10 in Fighting
 11421 | D:11     | Your ally Morbeogh died
 11542 | D:11     | Reached skill level 13 in Axes
 11563 | D:11     | Noticed a brown very ugly thing
 11579 | D:11     | Killed a brown very ugly thing
 12230 | D:11     | Noticed Josephine
 12241 | D:11     | Killed Josephine
 12251 | D:11     | Reached skill level 14 in Axes
 12542 | D:11     | You fall into a shaft and drop 1 floor!
 12602 | D:12     | Noticed a tengu warrior
 12603 | D:12     | Noticed a centaur warrior
 12603 | D:12     | Noticed an ettin
 12604 | D:12     | Noticed a two-headed ogre
 13254 | D:11     | Found a staircase to the Lair.
 13615 | Lair:1   | Entered Level 1 of the Lair of Beasts
 13639 | D:11     | Reached skill level 15 in Axes
 13739 | Lair:1   | Reached ***** piety under Beogh
 13984 | Lair:1   | Reached XP level 13. HP: 116/116 MP: 13/13
 14050 | Lair:1   | Noticed Nergalle
 14063 | Lair:1   | Killed Nergalle
 14467 | Lair:1   | Noticed Fannar
 14479 | Lair:1   | Killed Fannar
 14480 | Lair:1   | Reached skill level 16 in Axes
 16294 | Lair:2   | Reached skill level 17 in Axes
 16790 | Lair:3   | Identified the ring of Niurchui {rF+ rCorr Str+3 Dex-5}
 17197 | Lair:3   | Found a staircase to the Swamp.
 17207 | Lair:3   | Gained Horkud as an ally
 17223 | Lair:3   | Found a staircase to the Snake Pit.
 17632 | Lair:4   | Gained Orik as an ally
 17636 | Lair:4   | Reached skill level 18 in Axes
 17981 | Lair:4   | Identified the +10 plate armour "Zuychaah" {Str+4}
 18194 | Lair:4   | Gained Boderik as an ally
 18397 | Lair:4   | Reached XP level 14. HP: 125/127 MP: 14/14
 18702 | Lair:5   | Entered Level 5 of the Lair of Beasts
 18833 | Lair:5   | Reached ****** piety under Beogh
 18908 | Lair:5   | Found a gate leading to a gauntlet.
 18945 | Gauntlet | Entered a Gauntlet
 18945 | Gauntlet | Found a transporter.
 18945 | Gauntlet | Found a transporter.
 18945 | Gauntlet | Found a transporter.
 19009 | Gauntlet | Found a transporter.
 19019 | Gauntlet | Found a transporter.
 19022 | Gauntlet | Found a transporter.
 19033 | Gauntlet | Found a transporter.
 19052 | Gauntlet | Found a transporter.
 19066 | Gauntlet | Found a transporter.
 19525 | Orc:1    | Entered Level 1 of the Orcish Mines
 19539 | Orc:1    | Reached skill level 19 in Axes
 19620 | Orc:2    | Entered Level 2 of the Orcish Mines
 19620 | Orc:2    | Noticed an orc warlord
 19620 | Orc:2    | Found Toil Sesei's General Store.
 19629 | Orc:2    | Killed an orc warlord
 19742 | Orc:2    | Found a staircase to the Elven Halls.
 19760 | Orc:2    | Found a runed translucent door.
 19761 | Orc:2    | Noticed qeuew's ghost (journeyman MiFi)
 19781 | Orc:2    | Found Xono's Antique Armour Shoppe.
 19899 | Orc:2    | Paralysed by an orc sorcerer for 2 turns
 19916 | Orc:2    | Found Kauckor's Book Emporium.
 19928 | Orc:2    | Noticed Donald
 19936 | Orc:2    | Killed Donald
 19942 | Orc:2    | Found Pyimea Xajo's Antique Weapon Shoppe.
 20146 | Orc:2    | Bought a scroll of identify for 32 gold pieces
 20146 | Orc:2    | Bought a scroll of enchant weapon for 120 gold pieces
 20146 | Orc:2    | Bought a potion of heal wounds for 80 gold pieces
 20631 | D:12     | Found Ufril's Weapon Emporium.
 20703 | D:12     | Found a runed translucent door.
 21360 | D:13     | Noticed Lodul
 21367 | D:13     | Killed Lodul
 21368 | D:13     | Identified the ring "Giucya" {+Blink rF- rC+ Will+}
 21399 | D:13     | Found a glowing silver altar of Zin.
 21413 | D:13     | Reached skill level 20 in Axes
 21421 | D:13     | Killed Rupert
 21552 | D:13     | Found a gate to the Vaults.
 21562 | D:13     | Gained Morbeogh as an ally
 21877 | Vaults:1 | Entered Level 1 of the Vaults
 21883 | Vaults:1 | Reached XP level 15. HP: 122/139 MP: 13/15
 22049 | Vaults:1 | Noticed a vault warden
 22069 | Vaults:1 | Your ally Morbeogh died
 22070 | Vaults:1 | Reached skill level 21 in Axes
 22072 | Vaults:1 | Your ally Orik died
 22139 | Vaults:1 | Noticed an orc warlord
 22144 | Vaults:1 | HP: 6/139 [orc knight/+0 great mace (28)]
 22144 | Vaults:1 | Your ally Horkud died
 22145 | Vaults:1 | Slain by an orc knight

Illustrated notes

Levels and vault maps discovered:
D:1:      lemuel_arrival_muddy, layout_basic, serial_bayou_pond_b,
          minmay_rat_gold_closets
D:2:      layout_loops_ring, basic_altar, uniq_terence, uniq_crazy_yiuf_cottage,
          uniq_jessica
D:3:      layout_rooms, ebering_ecumenical_altar_rust, lightli_corner_chamber
D:4:      layout_loops_corners, minmay_temple_entry_arrows, serial_shops, shop,
          corner_web_ring, uniq_pikel
D:5:      layout_loops_corners, nicolae_uskayaw_en_pointe, uniq_ijyb,
          uniq_grinder, uniq_eustachio
D:6:      layout_basic, portal_sewer_entry_c, uniq_edmund, uniq_blork_the_orc
D:7:      cheibrodos_wizards_tower, layout_basic, gammafunk_ghost_smash,
          minivault_1, wad_floor_pattern_untrapped, uniq_duvessa, uniq_joseph
D:8:      wad_guarded_room, layout_basic
D:9:      minmay_inner_zag, layout_long_grid, jmf_multi_god_temple2,
          mainiacjoe_overflow_two_lobes
D:10:     layout_cave_pods, mainiacjoe_overflow_surrounded_room, erik_orc_2,
          nicolae_inconvenience_store, corexii_hall_statues_x
D:11:     cheibrodos_breeding_chamber, layout_loops_corners, erik_lair_dragon,
          uniq_josephine
D:12:     layout_loops_corners, serial_shops, nicolae_shop_statue_plus,
          minmay_st_funbox
D:13:     layout_irregular_city, erik_vaults_2, zin_academy, uniq_rupert,
          uniq_lodul
Temple:   lightli_temple_of_artemis
Lair:1:   layout_cave_pods, chequers_serial_rivers_large_b, uniq_nergalle,
          uniq_fannar
Lair:2:   layout_small_grid
Lair:3:   layout_roguey, minmay_swamp_entry_reptiles,
          nicolae_snake_entry_squirm, cheibrodos_lair_caveside_slide,
          grunt_megastairs_3
Lair:4:   layout_cave_pods, grunt_megastairs_5
Lair:5:   hangedman_lair_in_review, layout_big_grid, slime_entry_1,
          gauntlet_entry_generic, serial_bayou_pond_d, serial_bayou_shore_a
Orc:1:    layout_caves, basic_altar, serial_shops, shop, nicolae_specific_store,
          uniq_sonja
Orc:2:    grunt_orc_gardens, layout_caves, grunt_orc_garden, grunt_orc_garden,
          grunt_orc_garden, grunt_orc_garden, gammafunk_ghost_grave, uniq_donald
Vaults:1: biasface_ghost_orc_armoury, vaults_mumra_lcd, v_misc_26,
          nicolae_vaults_prndl, ontoclasm_vaults_twist,
          vaults_room_stairs_pillars, nicolae_vaults_twisting_passages,
          nicolae_vaults_more_shelving_1, nicolae_vaults_wine_cellar,
          nicolae_vaults_tetromino_L_2, nicolae_vaults_two_Ls,
          hangedman_vaults_slice, v_rooms_6, layout_vaults_maze_snakey

Skill      XL: |  1  2  3  4  5  6  7  8  9 10 11 12 13 14 15 |
---------------+----------------------------------------------+-----
Axes           | 3 4 8 12 15 18 20 21 | 21.1
Fighting       | 4 5 6 7 8 9 11 12 14 | 14.9
Armour         | 4 5 6 8 9 10 11 12 13 | 13.6
Maces & Flails | 2 4 5 6 9 10 | 10.3
Shields        | 4 5 6 |  6.1
Dodging        | 1 2 3 |  3.4
Throwing       | 1 |  1.3
Stealth        | 1 2 3 |  3.2
Invocations    | |  0.9
Evocations     | |  0.4

Action                     |  1- 3 |  4- 6 |  7- 9 | 10-12 | 13-15 || total
---------------------------+-------+-------+-------+-------+-------++-------
  Melee: War axe           |   110 |     4 |       |       |       ||   114
         Whip              |       |   177 |   454 |   125 |       ||   756
         Battleaxe         |       |       |       |   451 |   515 ||   966
         Long sword        |       |       |       |       |     5 ||     5
  Throw: Dart              |       |     2 |     3 |     1 |       ||     6
         Throwing net      |       |       |       |     5 |     1 ||     6
 Invoke: Convert to Beogh  |       |     1 |       |       |       ||     1
         Recall Orcish Fol |       |       |       |     1 |     6 ||     7
         Give Item to Name |       |       |       |       |     1 ||     1
  Evoke: Wand              |       |       |     3 |     1 |     3 ||     7
    Use: Potion            |     4 |       |       |     8 |     3 ||    15
         Scroll            |       |    11 |     6 |    11 |     9 ||    37
   Stab: Confused          |       |       |       |     2 |     2 ||     4
         Distracted        |       |       |       |     2 |    10 ||    12
         Held in net/web   |       |       |       |     1 |       ||     1
 Armour: Scale mail        |    56 |    29 |       |       |       ||    85
         Chain mail        |       |    52 |   197 |   325 |   111 ||   685
         Plate armour      |       |       |       |       |   227 ||   227
  Dodge: Dodged            |    47 |    54 |   142 |   277 |   252 ||   772
  Block: Buckler           |    27 |    50 |   141 |    39 |       ||   257
